 Dungeon Crawl Stone Soup version 0.30.1-3-gfc49f6343a (webtiles) character file.

Game seed: 1948408626948526283

3094 Wiggles the Severer (level 9, 0/70 HPs)
             Began as a Minotaur Berserker on Aug 4, 2023.
             Was an Elder of Trog.
             Slain by a steam dragon (4 damage)
             ... on level 7 of the Dungeon.
             The game lasted 00:10:27 (5848 turns).

Wiggles the Severer (Minotaur Berserker)            Turns: 5848, Time: 00:10:28

Health: 0/70       AC: 15    Str: 38    XL:     9   Next: 59%
Magic:  8/8        EV:  8    Int:  8    God:    Trog [****..]
Gold:   268        SH:  5    Dex:  8    Spells: 8/8 levels left

rFire   . . .        v - +1 war axe
rCold   . . .        (no shield)
rNeg    . . .        D - +1 plate armour
rPois   .            (helmet restricted)
rElec   .            (no cloak)
rCorr   +            r - +2 pair of gloves
SInv    .            (no boots)
Will    +....        A - amulet "Zaeroutuh" {Reflect Harm Will+ Str+6 Dex-2 SH+5} Stlth
                     w - ring of flight
HPRegen 0.31/turn    y - ring "Xyop" {rCorr Str+6 Int+4}
MPRegen 0.11/turn

%: harm (+30% outgoing, +20% incoming), reflection
@: on berserk cooldown, flying, slowed, studying Unarmed Combat, very slow
A: horns 2, retaliatory headbutt
a: Renounce Religion, Berserk, Trog's Hand, Brothers in Arms


You were on level 7 of the Dungeon.
You worshipped Trog.
Trog was greatly pleased with you.
You visited 1 branch of the dungeon, and saw 7 of its levels.

You collected 418 gold pieces.
You spent 150 gold pieces at shops.

Inventory:

Hand Weapons
 v - a +1 war axe (weapon)
Missiles
 q - 2 throwing nets (quivered)
Armour
 r - a +2 pair of gloves (worn)
 D - a +1 plate armour (worn)
Jewellery
 k - an amulet of the acrobat
 w - a ring of flight (left hand)
 y - the ring "Xyop" (right hand) {rCorr Str+6 Int+4}
   (You found it on level 5 of the Dungeon)

   [ring of strength]

   Str:       It affects your strength (+6).
   Int:       It affects your intelligence (+4).
   rCorr:     It protects you from acid and corrosion.
 A - the amulet "Zaeroutuh" (around neck) {Reflect Harm Will+ Str+6 Dex-2 SH+5}
   (You found it on level 6 of the Dungeon)

   [amulet of reflection]

   It reflects blocked missile attacks.
   Str:       It affects your strength (+6).
   Dex:       It affects your dexterity (-2).
   SH:        It affects your SH (+5).
   Harm:      It increases damage dealt and taken.
   Will:      It increases your willpower.
Wands
 l - a wand of iceblast (10)
 s - a wand of polymorph (5)
 E - a wand of flame (16)
Scrolls
 b - 4 scrolls of teleportation
 e - a scroll of vulnerability
 o - a scroll of magic mapping
 u - a scroll of torment
Potions
 c - 2 potions of lignification
 d - 5 potions of mutation
 f - 2 potions of heal wounds
 g - 3 potions of curing
 i - a potion of flight {unknown}
 m - a potion of attraction {unknown}
 n - 3 potions of haste
 p - 2 potions of resistance {unknown}
 x - a potion of berserk rage {unknown}
 z - a potion of brilliance {unknown}


   Skills:
 - Level 3.6 Fighting
 + Level 15.6 Axes
 - Level 2.4 Armour
 - Level 2.1 Dodging
 + Level 2.0 Stealth
 + Level 1.9 Shields


You had 8 spell levels left.
You didn't know any spells.
Your spell library was empty.

Dungeon Overview and Level Annotations

Branches:
Dungeon (7/15)             Temple (0/1) D:6

Altars:
Ashenzari
Elyvilon
Sif Muna
Uskayaw
Vehumet
Xom
Yredelemnul

Shops:
D:4 [*[=


Innate Abilities, Weirdness & Mutations

You have a pair of horns on your head.
You reflexively headbutt those who attack you in melee.


Message History

You feel your anger nearly subside.
You are no longer berserk.
You are exhausted.
You feel yourself slow down. You block the centaur's attack.
The centaur closely misses you.
The orc warrior is engulfed in a cloud of scalding steam.
The orc warrior attacks as you move away!
The orc warrior hits you with a +0 battleaxe.
The centaur hits you but does no damage.
The centaur kicks you but does no damage.
The orc hits you but does no damage.
The orc warrior is engulfed in a cloud of scalding steam.
The orc warrior dies!
The orc warrior is engulfed in a cloud of scalding steam.
The centaur hits you but does no damage.
You block the centaur's attack.
You slice the orc!!
You kill the orc!
Trog accepts your kill.
You closely miss the centaur. The centaur closely misses you.
The centaur barely misses you.
You slice the orc!!
You kill the orc!
Trog accepts your kill.
You hit the orc warrior but do no damage.
You slice the centaur!!
You kill the centaur!
Trog accepts your kill.
The orc warrior hits you but does no damage.
The orc warrior hits you with a +0 scimitar!
You barely miss the steam dragon. You barely miss the orc warrior.
The steam dragon bites you.
* * * LOW HITPOINT WARNING * * *
The steam dragon claws you but does no damage.
The orc warrior hits you with a +0 scimitar!
* * * LOW HITPOINT WARNING * * *
You hit the steam dragon. You headbutt the steam dragon!!
The steam dragon is almost dead.
You slash the orc warrior! The steam dragon barely misses you.
The steam dragon claws you.
You die...

....... ...# #.#.
#.#.......#..#####.#.
#.........#.....#....
#.........#.. #.#....
#.........#.###.#.#..
#........##))........
#........†.)....#.##.
...#..#.o....####..#.#..
......)@D).....##..#....
.............#+##).#####
###.###.............. #
.. ..................##
. .............>./...#
........###.........#
......### #.........#
#...... .....(.....


You could see a steam dragon and an orc warrior.

Vanquished Creatures
  Pikel (D:4)
  Sigmund (D:2)
  2 water moccasins
  A sky beast (D:7)
  A black bear (D:6)
  2 ice beasts (D:6)
  An ogre (D:6)
  4 centaurs
  4 phantoms
  3 lemures (D:4)
  A bullfrog (D:7)
  2 scorpions (D:5)
  A howler monkey (D:5)
  6 hounds
  9 orc priests
  A gnoll bouda (D:4)
  4 iguanas
  Jessica (D:2)
  An orc wizard (D:7)
  A hound zombie (D:3)
  A howler monkey zombie (D:3)
  6 adders
  7 gnolls
  3 ufetubi (D:5)
  4 worms
  4 dart slugs
  27 orcs
  9 bats
  5 endoplasms
  8 giant cockroaches
  7 goblins
  5 hobgoblins
  8 jackals (D:1)
  7 kobolds
  A quokka (D:3)
  8 ball pythons
  A ball python zombie (D:3)
  4 frilled lizards
  2 rats (D:1)
164 creatures vanquished.

Vanquished Creatures (others)
  An orc warrior (D:7)
1 creature vanquished.

Grand Total: 165 creatures vanquished

Notes
Turn   | Place    | Note
-------+----------+-------------------------------------------
     0 | D:1      | Wiggles the Minotaur Berserker began the quest for the Orb.
     0 | D:1      | Reached XP level 1. HP: 19/19 MP: 0/0
    87 | D:1      | Reached skill level 4 in Axes
   125 | D:1      | Reached XP level 2. HP: 20/26 MP: 1/1
   519 | D:1      | Reached skill level 5 in Axes
   699 | D:1      | Reached XP level 3. HP: 31/31 MP: 2/2
  1172 | D:2      | Reached ** piety under Trog
  1585 | D:2      | Found a white marble altar of Elyvilon.
  1665 | D:2      | Noticed Sigmund
  1674 | D:2      | Killed Sigmund
  1675 | D:2      | Reached skill level 7 in Axes
  1675 | D:2      | Reached XP level 4. HP: 39/39 MP: 3/3
  1675 | D:2      | Reached XP level 5. HP: 45/45 MP: 4/4
  1733 | D:2      | Noticed Jessica
  1740 | D:2      | Killed Jessica
  1741 | D:2      | Reached skill level 8 in Axes
  1866 | D:3      | Found a radiant altar of Vehumet.
  1932 | D:3      | Found a shimmering altar of Xom.
  2119 | D:3      | Reached XP level 6. HP: 41/51 MP: 5/5
  2166 | D:3      | Found a hide-covered altar of Uskayaw.
  2401 | D:3      | Found a basalt altar of Yredelemnul.
  3146 | D:4      | Found Baofipp's Antique Armour Shop.
  3327 | D:4      | Reached *** piety under Trog
  3338 | D:4      | Reached skill level 9 in Axes
  3424 | D:4      | Reached XP level 7. HP: 39/57 MP: 6/6
  3520 | D:4      | Found Oshreocau's Assorted Antiques.
  3529 | D:4      | Bought a runed marble ring for 150 gold pieces
  3567 | D:4      | Noticed Pikel
  3582 | D:4      | Killed Pikel
  3583 | D:4      | Reached skill level 11 in Axes
  3583 | D:4      | Reached XP level 8. HP: 32/64 MP: 7/7
  3739 | D:4      | Found Ceuntyos's Antique Armour Emporium.
  3740 | D:4      | Found Bukhol's Jewellery Shoppe.
  3759 | D:4      | Reached skill level 1 in Stealth
  3927 | D:4      | Reached skill level 12 in Axes
  4194 | D:5      | Entered Level 5 of the Dungeon
  4257 | D:5      | Found a broken altar of Ashenzari.
  4402 | D:5      | Reached skill level 13 in Axes
  4508 | D:5      | Identified the ring "Xyop" {rCorr Str+6 Int+4}
  4522 | D:5      | Found a shimmering blue altar of Sif Muna.
  4782 | D:6      | Identified the amulet "Zaeroutuh" {Reflect Harm Will+ Str+6
                  | Dex-2 SH+5}
  5013 | D:6      | Reached skill level 14 in Axes
  5013 | D:6      | Reached XP level 9. HP: 70/70 MP: 8/8
  5026 | D:6      | Reached **** piety under Trog
  5209 | D:6      | Reached skill level 1 in Shields
  5281 | D:6      | Reached skill level 15 in Axes
  5539 | D:6      | Found a staircase to the Ecumenical Temple.
  5848 | D:7      | Slain by a steam dragon

Illustrated notes

Levels and vault maps discovered:
D:1:      roderic_crop_circles_arrival_small, layout_loops_corners,
          minivault_27, hangedman_decor_clover_reticule,
          nicolae_figureground_pulse
D:2:      wad_crossroads, layout_basic, basic_altar, minmay_worlds_worst_comb,
          uniq_sigmund, uniq_jessica
D:3:      layout_basic, nicolae_yredelemnul_corpse_copse, lemuel_tele_altar,
          mainiacjoe_overflow_chevrons, mainiacjoe_overflow_catwalk,
          hangedman_decor_opposing
D:4:      layout_gridville, serial_shops, nicolae_shop_tiny_glass, shop, shop,
          shop_coins, uniq_pikel
D:5:      layout_cave_pools, mainiacjoe_overflow_paths,
          cheibrodos_ashenzari_chains, minmay_manual_mandibuliform
D:6:      layout_cave_pools, minmay_temple_entry_fiery
D:7:      layout_basic, general_overflow_altar, minmay_misc_feat_iff

Skill      XL: |  1  2  3  4  5  6  7  8  9 |
---------------+----------------------------+-----
Axes           | 4 5 7 8 9 11 14 15 | 15.6
Stealth        | 1 2 |  2.0
Shields        | 1 |  1.9
Fighting       | |  3.6
Armour         | |  2.4
Dodging        | |  2.1

Action                     |  1- 3 |  4- 6 |  7- 9 || total
---------------------------+-------+-------+-------++-------
  Melee: Hand axe          |    91 |    87 |       ||   178
         Headbutt          |    13 |     6 |    23 ||    42
         Punch             |     2 |     1 |       ||     3
         War axe           |       |    22 |   152 ||   174
 Invoke: Berserk           |     1 |     1 |     2 ||     4
    Use: Scroll            |       |       |    16 ||    16
 Armour: Ring mail         |    19 |       |       ||    19
         Animal skin       |     1 |       |       ||     1
         Scale mail        |     1 |    34 |    37 ||    72
         Plate armour      |       |       |    34 ||    34
  Dodge: Dodged            |    57 |    63 |    87 ||   207
  Block: Other             |       |       |    20 ||    20
         Reflection        |       |       |     1 ||     1
